 Dungeon Crawl Stone Soup version 0.30-a0-223-gcb0039aa0c (webtiles) character file.

Game seed: 6731588753527250132

95382 qw the Severer (level 16, -1/101 HPs)
             Began as a Gargoyle Fighter on Oct 9, 2022.
             Was a High Priest of Okawaru.
             Slain by an orc knight
             ... wielding a +0 halberd
              (11 damage)
             ... on level 2 of the Orcish Mines.
             The game lasted 00:10:34 (23124 turns).

qw the Severer (Gargoyle Fighter)                  Turns: 23124, Time: 00:10:34

Health: -1/101     AC: 48    Str: 31    XL:     16   Next: 14%
Magic:  22/23      EV: 17    Int:  9    God:    Okawaru [*****.]
Gold:   680        SH:  7    Dex:  9    Spells: 15/15 levels left

rFire   + + .      SeeInvis .    w - +3 broad axe (elec)
rCold   + + .      Faith    .    c - +0 buckler
rNeg    + . .      Spirit   .    s - +1 crystal plate armour of Masochism {+Blink}
rPois   inf        Reflect  .    B - +2 hat {Will+}
rElec   +          Harm     .    C - scarf {repulsion}
rCorr   .          Rampage  +    D - +1 pair of gloves of a treasure trove {rC++}
Will    +++..                    j - +2 pair of boots
Stlth   ..........               t - amulet of the Death Scarab {Acrobat Rampage rF++}
HPRegen 0.36/turn                h - ring of the Hare {EV+8}
MPRegen 0.18/turn                G - ring "Wueng" {rElec Will+ Str+6 Int-3}

@: about to teleport, heroic, flying, repel missiles
A: sickness immunity, AC +12, big wings, negative energy resistance 1,
electricity resistance, torment resistance 1, petrification resistance
a: Renounce Religion, Evoke Blink, Heroism, Finesse, Duel


You were on level 2 of the Orcish Mines.
You worshipped Okawaru.
Okawaru was extremely pleased with you.
You visited 4 branches of the dungeon, and saw 23 of its levels.
You visited the Abyss 1 time.

You collected 1961 gold pieces.
You spent 1281 gold pieces at shops.


Innate Abilities, Weirdness & Mutations

You are immune to sickness and miasma.
Your stone body is resilient. (AC +12)
You are immune to poison.
Your large and strong wings let you fly.
You resist negative energy. (rN+)
You are resistant to electric shocks. (rElec)
You are resistant to unholy torment.
You are immune to petrification.


   Skills:
 - Level 12.0(17.0) Fighting
 + Level 16.8(21.8) Axes
 - Level 7.0(12.0) Throwing
 - Level 15.0(20.0) Armour
 - Level 3.0(8.0) Dodging
 - Level 8.0(13.0) Shields
 - Level 10.0 Invocations


You had 15 spell levels left.
You didn't know any spells.
Your spell library was empty.

Inventory:

Hand Weapons
 r - a +3 morningstar of freezing
 w - a +3 broad axe of electrocution (weapon)
Missiles
 b - 15 boomerangs
 i - 3 javelins
 m - 3 silver javelins (quivered)
 F - 2 silver boomerangs
Armour
 c - a +0 buckler (worn)
 j - a +2 pair of boots (worn)
 o - a +0 cloak
 s - the +1 crystal plate armour of Masochism (worn) {+Blink}
   (Okawaru gifted it to you on level 11 of the Dungeon)

   +Blink:    It lets you blink.
 u - +0 acid dragon scales
 x - a +3 plate armour of cold resistance
 B - a +2 hat of willpower (worn)
 C - a scarf of repulsion (worn)
 D - the +1 pair of gloves of a treasure trove (worn) {rC++}
   (You acquired it on level 5 of the Lair of Beasts)

   rC:        It greatly protects you from cold.
 E - a +2 helmet
Jewellery
 h - the ring of the Hare (left hand) {EV+8}
   (You found it on level 2 of the Dungeon)

   [ring of evasion]

   EV:        It affects your evasion (+8).
 k - an amulet of reflection
 t - the amulet of the Death Scarab (around neck) {Acrobat Rampage rF++}
   (You acquired it on level 8 of the Dungeon)

   [amulet of the acrobat]

   It increases your evasion while moving and waiting.
   rF:        It greatly protects you from fire.
   Rampage:   It bestows one free step when moving towards enemies.
 y - a ring of protection from fire
 z - a ring of protection from cold
 A - a +4 ring of evasion
 G - the ring "Wueng" (right hand) {rElec Will+ Str+6 Int-3}
   (You bought it in a shop on level 15 of the Dungeon)

   [ring of strength]

   Str:       It affects your strength (+6).
   Int:       It affects your intelligence (-3).
   rElec:     It insulates you from electricity.
   Will:      It increases your willpower.
 Y - the ring of Eneomalaicze {Fly Str-4 Int-5 Dex+9 SInv}
   (You found it on level 9 of the Dungeon)

   [ring of flight]

   Str:       It affects your strength (-4).
   Int:       It affects your intelligence (-5).
   Dex:       It affects your dexterity (+9).
   SInv:      It lets you see invisible.
   Fly:       It grants you flight.
Scrolls
 a - 10 scrolls of identify
 p - 8 scrolls of teleportation
Potions
 d - 5 potions of might
 e - 5 potions of lignification
 f - 7 potions of haste
 g - 3 potions of cancellation
 l - 14 potions of curing
 n - a potion of mutation
 q - 3 potions of resistance
 v - 2 potions of attraction
 H - a potion of heal wounds

Dungeon Overview and Level Annotations

Branches:
Dungeon (15/15)            Temple (1/1) D:7            Lair (5/5) D:11
 Shoals (0/4) Lair:2       Spider (0/4) Lair:3        Slime (0/5) Lair:4
    Orc (2/2) D:9             Elf (0/3) Orc:2        Vaults (0/5) D:13
 Depths (0/4) D:15

Altars:
Ashenzari
Cheibriados
Dithmenos
Elyvilon
Fedhas
Gozag
Hepliaklqana
Kikubaaqudgha
Makhleb
Nemelex Xobeh
Okawaru
Qazlal
Ru
Sif Muna
Trog
Uskayaw
Vehumet
Wu Jian
Xom
Yredelemnul
Zin
The Shining One
Jiyva

Shops:
D:4 *   D:6 !   D:7 *   D:15 =   Orc:2 =

Portals:
Trove: D:13 (give 6 potions of haste)

Annotations:
D:7 1 runed translucent door, Crazy Yiuf
D:8 3 runed translucent doors, qw's ghost, novice GrFi
Lair:1 3 runed translucent doors, qw's ghost, journeyman GrFi
Orc:1 3 runed translucent doors, burt's ghost, journeyman DrCj


Message History

An orc wizard comes into view. It is wielding a +0 dagger.
The orc sorcerer barely misses you.
The orc warrior hits you but does no damage.
The orc knight roars a battlecry!
The orange demon barely misses you.
You slice the orc warrior!!
You kill the orc warrior!
Okawaru accepts your kill.
You barely miss the orc sorcerer.
The orc knight hits you from afar with a +0 halberd!
The orc sorcerer hits you but does no damage.
You block the orange demon's attack.
You slice the orc sorcerer!!
Lightning courses through the orc sorcerer!!
You kill the orc sorcerer!
Okawaru accepts your kill.
The orange demon disappears in a puff of smoke!
The orc warrior completely misses you.
The orc priest invokes the aid of Beogh against you.
Beogh smites you!
The orc high priest calls down the wrath of Beogh upon you.
Beogh smites you!
The orc high priest mumbles some strange prayers to Beogh against you.
Beogh smites you!
The orc knight hits you but does no damage.
You block the orc warrior's attack.
Items here: % )) [.
You hit the orc knight.
Lightning courses through the orc knight!
The orc knight is lightly wounded.
You barely miss the orc knight. The orc warrior completely misses you.
The orc knight hits you with a +2 great mace!
The orc knight hits you with a +0 halberd!
The orc warrior hits you but does no damage.
23124 ||| READING 9 scrolls of teleportation.
As you read the scroll of teleportation, it crumbles to dust.
You feel strangely unstable.
The orc knight hits you with a +0 halberd!
You die...

............... .....
##....
..............# ...
##....
...............
#....#
.....########## #....
.....# ###### ##...#
.....# ##..))#####
#.#.....
##..##)).ยค.##
........ .....#
#..##))).).o# .#....<
.....###.##...##@#.\#
........
.....##..##..##oo# .#
#.......
.....##.##...#oooo
#.##....
.....##.##....oooo# #
##...
.....##.##......o..
#...
.....##.#####......#
#....
....................
##...
.....##.#####......#.
..... .....##.# .....


You could see 4 orc knights, 2 orc high priests, an orc sorcerer (strong), 3 orc
warriors, an orc priest (strong) and an orc wizard (strong).

Vanquished Creatures
  Gastronok (Lair:3)
  Kirke (Lair:3)
  An orc warlord (Orc:1)
  Azrael (D:13)
  Nessos (Lair:3)
  4 dire elephants (Lair:5)
  Erolcha (D:9)
  4 hydras
  An ogre mage (D:13)
  A catoblepas (Lair:5)
  2 boulder beetles
  A jorogumo (shapeshifter) (D:13)
  6 centaur warriors
  7 two-headed ogres
  7 death yaks
  5 tengu warriors
  An orc high priest (Orc:2)
  A large abomination (Abyss:2)
  A shadow wraith (Abyss:2)
  A wretched star (Abyss:2)
  2 spectral death yaks (Lair:5)
  An orb spider (Lair:3)
  A glowing orange brain (Abyss:2)
  3 skeletal warriors (D:15)
  A spectral anaconda (Lair:5)
  5 starcursed masses (Abyss:2)
  4 necromancers (Lair:5)
  A wizard (D:15)
  An obsidian statue (Lair:5)
  3 deep elf pyromancers
  8 ugly things
  A wolf spider (D:15)
  2 manticores
  An orc knight (D:15)
  5 orc sorcerers
  A salamander (D:15)
  7 elephants (Lair:5)
  7 cyclopes
  A water nymph (shapeshifter) (D:15)
  A merfolk siren (Lair:2)
  2 centaur zombies (D:7)
  A black mamba (Lair:4)
  A torpor snail (Lair:1)
  2 gargoyles
  A smoke demon (Abyss:2)
  12 cane toads
  Maggie (D:8)
  A dire elephant skeleton (Lair:5)
  2 ice devils (D:12)
  4 centaur skeletons (D:7)
  3 rime drakes
  A kobold demonologist (D:10)
  3 tengu conjurers
  An unseen horror zombie (D:10)
  2 efreet
  Psyche (D:12)
  2 hellwings (D:7)
  5 komodo dragons
  5 polar bears
  3 meliai (D:13)
  A queen bee (D:13)
  6 trolls
  Prince Ribbit (D:7)
  8 blink frogs (Lair:5)
  5 slime creatures (D:12)
  5 dream sheep (Lair:4)
  5 vampires
  3 shadows
  3 wraiths (D:10)
  A water elemental (D:14)
  A yak (shapeshifter) (D:13)
  58 yaks
  3 humans (Lair:3)
  5 wyverns
  3 fire elementals (D:13)
  3 fire bats (Abyss:2)
  3 basilisks
  A hog (Lair:3)
  2 steam dragons
  3 wargs (Orc:1)
  A naga (shapeshifter) (D:12)
  A spectral cane toad (Lair:5)
  2 acid dragons
  10 vampire mosquitoes
  4 hell hounds
  10 water moccasins
  12 orc warriors
  2 ice beasts (D:6)
  A meliai simulacrum (D:14)
  5 ogres
  2 black bears
  16 wolves
  10 centaurs
  A phantom (D:3)
  2 kobold brigands
  11 bullfrogs
  A cane toad simulacrum (Lair:5)
  2 gnoll sergeants
  6 scorpions
  10 wights
  24 killer bees
  An elephant simulacrum (Lair:5)
  9 electric eels
  5 howler monkeys
  3 jellies
  15 orc priests
  2 hounds
  2 gnoll boudas
  3 iguanas
  17 orc wizards
  A howler monkey zombie (D:10)
  38 gnolls
  8 adders
  6 shadow imps
  A white imp (D:7)
  2 ufetubi
  3 worms
  2 dart slugs
  61 orcs
  6 ball pythons
  3 bats
  8 endoplasms
  3 giant cockroaches
  4 hobgoblins
  16 jackals
  12 kobolds
  8 quokkas
  2 frilled lizards (D:1)
  6 goblins
  7 rats
664 creatures vanquished.

Vanquished Creatures (others)
  2 orc wizards
  A kobold (D:3)
  37 fungi
  49 plants
  42 withered plants
131 creatures vanquished.

Grand Total: 795 creatures vanquished

Notes
Turn   | Place    | Note
-------+----------+-------------------------------------------
     0 | D:1      | qw the Gargoyle Fighter began the quest for the Orb.
     0 | D:1      | Reached XP level 1. HP: 14/14 MP: 1/1
     0 | D:1      | 0 ||| qw: Version: 0.2-a-17-g06abaee
     0 | D:1      | 0 ||| qw: Game counter: 2076
     0 | D:1      | 0 ||| qw: Always use a shield: true
     0 | D:1      | 0 ||| qw: God list: Okawaru
     0 | D:1      | 0 ||| qw: Allow faded altars: false
     0 | D:1      | 0 ||| qw: Do Orc after D:15 true
     0 | D:1      | 0 ||| qw: Do second Lair branch before Depths: true
     0 | D:1      | 0 ||| qw: Lair rune preference: random
     0 | D:1      | 0 ||| qw: Plans: Normal, Zot:1-4, God:TSO, Crypt, Tomb,
                  | Pan, Slime:5, Hells, Abyss, Orb
     0 | D:1      | 0 ||| PLANNING D:1-11
    75 | D:1      | Reached skill level 2 in Axes
    85 | D:1      | Reached XP level 2. HP: 13/19 MP: 2/2
   232 | D:1      | 232 ||| Stepping ~*~*~tactically~*~*~ (stealth).
   239 | D:1      | 239 ||| Stepping ~*~*~tactically~*~*~ (stealth).
   247 | D:1      | 247 ||| Stepping ~*~*~tactically~*~*~ (stealth).
   356 | D:1      | Reached skill level 3 in Axes
   429 | D:1      | Reached XP level 3. HP: 23/23 MP: 3/3
   607 | D:1      | Found a faded altar of an unknown god.
   673 | D:1      | 673 ||| UPGRADING to +0 pair of boots.
   678 | D:1      | 678 ||| UPGRADING to +0 pair of gloves.
   683 | D:1      | 683 ||| UPGRADING to amulet of reflection.
   688 | D:1      | 688 ||| READING 3 scrolls labelled CEOLEZ TUM WEOCY.
   689 | D:1      | 689 ||| READING scroll labelled EDO LOUROHUDE.
   690 | D:1      | 690 ||| READING scroll labelled COUHEIT ONUNU.
   691 | D:1      | 691 ||| READING scroll labelled MUNOEDESTO.
   692 | D:1      | 692 ||| DRINKING 2 murky red potions.
   861 | D:2      | Found the ring of the Hare {EV+8}
   928 | D:2      | 928 ||| DROPPING +0 club.
  1006 | D:2      | Reached XP level 4. HP: 28/28 MP: 4/4
  1115 | D:2      | Reached skill level 4 in Axes
  1266 | D:2      | 1266 ||| UPGRADING to ring of the Hare {EV+8}.
  1267 | D:2      | 1267 ||| READING scroll labelled WOHAPRUUNU.
  1270 | D:2      | 1270 ||| READING scroll labelled XIMIOKKIFI.
  1271 | D:2      | 1271 ||| READING scroll labelled KORGHE FEFUO.
  1272 | D:2      | 1272 ||| READING 2 scrolls of identify.
  1272 | D:2      | 1272 ||| IDENTIFYING blue potion
  1290 | D:3      | 1290 ||| Stepping ~*~*~tactically~*~*~ (hiding).
  1291 | D:3      | 1291 ||| Stepping ~*~*~tactically~*~*~ (hiding).
  1292 | D:3      | Noticed a phantom
  1293 | D:3      | 1293 ||| Stepping ~*~*~tactically~*~*~ (stealth).
  1297 | D:3      | 1297 ||| Stepping ~*~*~tactically~*~*~ (stealth).
  1312 | D:3      | 1312 ||| Stepping ~*~*~tactically~*~*~ (stealth).
  1510 | D:3      | 1510 ||| Stepping ~*~*~tactically~*~*~ (stealth).
  1541 | D:3      | Reached XP level 5. HP: 29/32 MP: 5/5
  1706 | D:3      | Reached skill level 5 in Axes
  1778 | D:3      | 1778 ||| DROPPING +0 whip.
  1801 | D:3      | Identified the +1 ring mail of Bijip {Slay+2}
  1810 | D:3      | Killed a phantom
  1811 | D:3      | Reached skill level 1 in Dodging
  1811 | D:3      | Reached XP level 6. HP: 38/38 MP: 6/6
  1840 | D:3      | 1840 ||| Stepping ~*~*~tactically~*~*~ (stealth).
  1854 | D:3      | 1854 ||| FLEEEEING.
  1855 | D:3      | 1855 ||| FLEEEEING.
  1856 | D:3      | 1856 ||| FLEEEEING.
  1857 | D:3      | 1857 ||| FLEEEEING.
  1858 | D:3      | 1858 ||| FLEEEEING.
  1859 | D:3      | 1859 ||| FLEEEEING.
  1860 | D:3      | 1860 ||| FLEEEEING.
  1861 | D:3      | 1861 ||| FLEEEEING.
  1863 | D:3      | 1863 ||| FLEEEEING.
  1864 | D:3      | 1864 ||| FLEEEEING.
  1865 | D:3      | 1865 ||| FLEEEEING.
  1866 | D:3      | 1866 ||| FLEEEEING.
  1869 | D:3      | 1869 ||| STAIRDANCE
  1886 | D:2      | 1886 ||| UPGRADING to +0 cloak.
  1891 | D:2      | 1891 ||| READING 3 scrolls labelled GEBOTHR NAHOURE.
  1921 | D:2      | 1921 ||| READING scroll labelled OVIKKUR FAKHU.
  1922 | D:2      | 1922 ||| READING 3 scrolls labelled TUOTAXEOCE.
  1923 | D:2      | 1923 ||| READING scroll labelled WEACI SASMA.
  1924 | D:2      | 1924 ||| READING scroll labelled NUITTIBISAS.
  2025 | D:2      | 2025 ||| DROPPING 2 scrolls of torment.
  2026 | D:2      | 2026 ||| DROPPING 2 scrolls of fear.
  2029 | D:3      | 2029 ||| STAIRDANCE
  2044 | D:3      | 2044 ||| FLEEEEING.
  2045 | D:3      | 2045 ||| FLEEEEING.
  2046 | D:3      | 2046 ||| FLEEEEING.
  2051 | D:3      | 2051 ||| STAIRDANCE
  2096 | D:3      | 2096 ||| Stepping ~*~*~tactically~*~*~ (stealth).
  2097 | D:3      | 2097 ||| Stepping ~*~*~tactically~*~*~ (stealth).
  2098 | D:3      | 2098 ||| Stepping ~*~*~tactically~*~*~ (stealth).
  2099 | D:3      | 2099 ||| Stepping ~*~*~tactically~*~*~ (stealth).
  2104 | D:3      | 2104 ||| DROPPING +1 mace of draining.
  2109 | D:3      | 2109 ||| DROPPING +0 flail.
  2131 | D:3      | 2131 ||| Stepping ~*~*~tactically~*~*~ (stealth).
  2190 | D:3      | Reached XP level 7. HP: 43/43 MP: 7/7
  2212 | D:3      | Reached skill level 6 in Axes
  2318 | D:3      | 2318 ||| Stepping ~*~*~tactically~*~*~ (stealth).
  2341 | D:3      | 2341 ||| Stepping ~*~*~tactically~*~*~ (stealth).
  2884 | D:3      | 2884 ||| UPGRADING to +0 chain mail.
  2894 | D:3      | 2894 ||| DROPPING +0 scale mail.
  2895 | D:3      | 2895 ||| READING scroll labelled SIURUO ZUTUV.
  2895 | D:3      | Identified a scroll of acquirement
  2895 | D:3      | 2895 ||| ACQUIRING +1 broad axe of electrocution
  2895 | D:3      | Acquired a +1 broad axe of electrocution
  2897 | D:3      | 2897 ||| SWAPPING to +1 broad axe of electrocution.
  2898 | D:3      | 2898 ||| DROPPING +0 war axe.
  2899 | D:3      | 2899 ||| READING scroll labelled YGYR SIXKE.
  2972 | D:4      | 2972 ||| Stepping ~*~*~tactically~*~*~ (hiding).
  3124 | D:4      | Reached skill level 7 in Axes
  3450 | D:4      | Found a bloodstained altar of Trog.
  3452 | D:4      | Found a snail-covered altar of Cheibriados.
  3494 | D:4      | Found Cemen's General Store.
  3510 | D:4      | 3510 ||| BUYING +2 ring mail of fire resistance (273 gold).
  3510 | D:4      | Bought a +2 ring mail of fire resistance for 273 gold
                  | pieces
  3510 | D:4      | 3510 ||| SHOPLISTING potion of haste (130 gold, have 0).
  3510 | D:4      | 3510 ||| SHOPLISTING scroll of enchant armour (97 gold,
                  | have 0).
  3510 | D:4      | 3510 ||| SHOPLISTING scroll of identify (26 gold, have 0).
  3700 | D:4      | 3700 ||| READING scroll labelled QOUFEO YSCHEIM.
  3701 | D:4      | 3701 ||| READING 8 scrolls of identify.
  3701 | D:4      | 3701 ||| IDENTIFYING smoky golden potion
  3702 | D:4      | 3702 ||| READING 7 scrolls of identify.
  3702 | D:4      | 3702 ||| IDENTIFYING bubbling coppery potion
  3703 | D:4      | 3703 ||| READING 6 scrolls of identify.
  3703 | D:4      | 3703 ||| IDENTIFYING cyan potion
  3704 | D:4      | 3704 ||| READING 5 scrolls of identify.
  3704 | D:4      | 3704 ||| IDENTIFYING green potion
  3705 | D:4      | 3705 ||| DROPPING potion of ambrosia.
  3706 | D:4      | 3706 ||| DROPPING potion of degeneration.
  3707 | D:4      | 3707 ||| DROPPING potion of flight.
  3731 | D:5      | Entered Level 5 of the Dungeon
  3788 | D:5      | Reached XP level 8. HP: 49/49 MP: 8/8
  3826 | D:5      | 3826 ||| Stepping randomly (cloudy).
  3996 | D:5      | Reached skill level 1 in Throwing
  4477 | D:5      | 4477 ||| READING 4 scrolls of identify.
  4477 | D:5      | 4477 ||| IDENTIFYING white potion
  4478 | D:5      | 4478 ||| DROPPING potion of invisibility.
  4499 | D:6      | 4499 ||| PLANNING OSSUARY
  4523 | D:6      | 4523 ||| Stepping ~*~*~tactically~*~*~ (stealth).
  4724 | D:6      | 4724 ||| Stepping ~*~*~tactically~*~*~ (hiding).
  4744 | D:6      | Reached skill level 8 in Axes
  4973 | D:6      | Found Ciferpha's Distillery.
  4987 | D:6      | Reached skill level 6 in Fighting
  5006 | D:6      | 5006 ||| SHOPLISTING potion of cancellation (96 gold, have
                  | 92).
  5006 | D:6      | 5006 ||| BUYING potion of curing (36 gold).
  5006 | D:6      | Bought a potion of curing for 36 gold pieces
  5006 | D:6      | 5006 ||| BUYING potion of curing (36 gold).
  5006 | D:6      | Bought a potion of curing for 36 gold pieces
  5006 | D:6      | 5006 ||| SHOPLISTING potion of haste (120 gold, have 20).
  5006 | D:6      | 5006 ||| SHOPLISTING potion of lignification (36 gold, have
                  | 20).
  5006 | D:6      | 5006 ||| SHOPLISTING potion of resistance (120 gold, have
                  | 20).
  5079 | D:6      | Reached XP level 9. HP: 53/55 MP: 9/9
  5135 | D:6      | 5135 ||| DROPPING +0 morningstar.
  5238 | D:6      | 5238 ||| RIP OSSUARY
  5241 | D:6      | 5241 ||| PLANNING D:1-11
  5244 | D:6      | Reached skill level 9 in Axes
  5458 | D:6      | 5458 ||| UPGRADING to +4 ring of evasion.
  5459 | D:6      | 5459 ||| READING 3 scrolls of identify.
  5459 | D:6      | 5459 ||| IDENTIFYING sapphire potion
  5491 | D:7      | Found Wioqai's General Store.
  5494 | D:7      | 5494 ||| SHOPLISTING +4 scale mail of fire resistance (403
                  | gold, have 34).
  5494 | D:7      | 5494 ||| SHOPLISTING potion of lignification (39 gold, have
                  | 34).
  5494 | D:7      | 5494 ||| SHOPLISTING scroll of enchant armour (97 gold,
                  | have 34).
  5513 | D:7      | Noticed Prince Ribbit
  5518 | D:7      | Killed Prince Ribbit
  5535 | D:7      | Found a staircase to the Ecumenical Temple.
  5536 | D:7      | 5536 ||| PLANNING TEMPLE
  5538 | D:7      | 5538 ||| Stepping ~*~*~tactically~*~*~ (hiding).
  5632 | D:7      | 5632 ||| Stepping randomly (stuck).
  5686 | Temple   | Entered the Ecumenical Temple
  5749 | Temple   | 5749 ||| PLANNING OKAWARU WORSHIP
  5874 | Temple   | Became a worshipper of Warmaster Okawaru
  5875 | Temple   | 5875 ||| PLANNING D:1-11
  5949 | D:7      | Noticed a hellwing
  5964 | D:7      | Noticed a hellwing
  5971 | D:7      | Reached * piety under Okawaru
  5972 | D:7      | Reached skill level 10 in Axes
  5972 | D:7      | 5972 ||| INVOKING Heroism.
  5973 | D:7      | 5973 ||| INVOKING Heroism.
  5975 | D:7      | Reached skill level 6 in Armour
  5975 | D:7      | Reached XP level 10. HP: 20/63 MP: 7/11
  5979 | D:7      | Reached skill level 3 in Invocations
  5983 | D:7      | Reached ** piety under Okawaru
  5985 | D:7      | 5985 ||| INVOKING Heroism.
  5988 | D:7      | 5988 ||| FLEEEEING.
  6188 | D:7      | 6188 ||| INVOKING Heroism.
  6420 | D:7      | 6420 ||| Stepping ~*~*~tactically~*~*~ (stealth).
  6422 | D:7      | 6422 ||| Stepping ~*~*~tactically~*~*~ (hiding).
  6431 | D:7      | 6431 ||| INVOKING Heroism.
  6599 | D:7      | Found a runed translucent door.
  6600 | D:7      | Noticed Crazy Yiuf
  6703 | D:7      | 6703 ||| UPGRADING to +0 plate armour.
  6713 | D:7      | 6713 ||| DROPPING +0 chain mail.
  6714 | D:7      | 6714 ||| DROPPING +2 ring mail of fire resistance.
  6715 | D:7      | 6715 ||| READING 2 scrolls of identify.
  6715 | D:7      | 6715 ||| IDENTIFYING golden potion
  6762 | D:8      | Noticed Maggie
  6766 | D:8      | 6766 ||| INVOKING Heroism.
  6775 | D:8      | Killed Maggie
  6983 | D:8      | 6983 ||| Stepping ~*~*~tactically~*~*~ (stealth).
  6999 | D:8      | 6999 ||| INVOKING Heroism.
  7010 | D:8      | Reached *** piety under Okawaru
  7011 | D:8      | 7011 ||| Stepping ~*~*~tactically~*~*~ (stealth).
  7020 | D:8      | 7020 ||| Stepping ~*~*~tactically~*~*~ (stealth).
  7225 | D:8      | 7225 ||| Stepping ~*~*~tactically~*~*~ (hiding).
  7227 | D:8      | 7227 ||| INVOKING Heroism.
  7230 | D:8      | Reached skill level 11 in Axes
  7230 | D:8      | 7230 ||| Stepping ~*~*~tactically~*~*~ (cloud).
  7334 | D:8      | Found a runed translucent gate.
  7334 | D:8      | Noticed qw's ghost (novice GrFi)
  7335 | D:8      | Found a runed translucent gate.
  7336 | D:8      | Found a runed translucent gate.
  7521 | D:8      | 7521 ||| READING scroll of acquirement.
  7521 | D:8      | 7521 ||| ACQUIRING amulet of the Death Scarab {Acrobat
                  | Rampage rF++}
  7521 | D:8      | Acquired the amulet of the Death Scarab {Acrobat Rampage
                  | rF++}
  7523 | D:8      | 7523 ||| UPGRADING to amulet of the Death Scarab {Acrobat
                  | Rampage rF++}.
  7797 | D:8      | Found the +1 cloak of Starlight {*Dazzle EV+4 Stlth--}
  7857 | D:9      | Found a staircase to the Orcish Mines.
  7873 | D:9      | 7873 ||| INVOKING Heroism.
  7886 | D:9      | 7886 ||| DRINKING 11 potions of curing.
  7886 | D:9      | 7886 ||| (to cure confusion)
  7904 | D:9      | 7904 ||| INVOKING Heroism.
  7918 | D:9      | Reached XP level 11. HP: 65/68 MP: 12/14
  7995 | D:9      | 7995 ||| Stepping ~*~*~tactically~*~*~ (stealth).
  8008 | D:9      | 8008 ||| READING scroll of enchant weapon.
  8008 | D:9      | 8008 ||| ENCHANTING +2 broad axe of electrocution.
  8011 | D:9      | 8011 ||| Stepping ~*~*~tactically~*~*~ (stealth).
  8012 | D:9      | 8012 ||| Stepping ~*~*~tactically~*~*~ (stealth).
  8026 | D:9      | 8026 ||| INVOKING Heroism.
  8073 | D:9      | 8073 ||| INVOKING Heroism.
  8093 | D:9      | 8093 ||| INVOKING Heroism.
  8128 | D:9      | Reached skill level 9 in Fighting
  8147 | D:9      | 8147 ||| INVOKING Heroism.
  8192 | D:9      | 8192 ||| INVOKING Heroism.
  8230 | D:9      | Noticed Erolcha
  8232 | D:9      | 8232 ||| Stepping ~*~*~tactically~*~*~ (hiding).
  8234 | D:9      | 8234 ||| INVOKING Heroism.
  8246 | Abyss:2  | Cast into level 2 of the Abyss (Erolcha)
  8306 | Abyss:2  | Found a corrupted altar of Lugonu.
  8317 | Abyss:2  | Noticed a large abomination
  8325 | Abyss:2  | 8325 ||| INVOKING Heroism.
  8334 | Abyss:2  | Killed a large abomination
  8357 | Abyss:2  | Noticed a glowing orange brain
  8358 | Abyss:2  | 8358 ||| Stepping ~*~*~tactically~*~*~ (stealth).
  8376 | Abyss:2  | Killed a shadow wraith
  8376 | Abyss:2  | Reached **** piety under Okawaru
  8376 | Abyss:2  | Received a gift from Okawaru
  8381 | Abyss:2  | 8381 ||| Stepping ~*~*~tactically~*~*~ (stealth).
  8382 | Abyss:2  | 8382 ||| Stepping ~*~*~tactically~*~*~ (stealth).
  8389 | Abyss:2  | 8389 ||| INVOKING Heroism.
  8392 | Abyss:2  | 8392 ||| Stepping ~*~*~tactically~*~*~ (stealth).
  8395 | Abyss:2  | 8395 ||| Stepping ~*~*~tactically~*~*~ (stealth).
  8459 | Abyss:2  | 8459 ||| Stepping ~*~*~tactically~*~*~ (stealth).
  8468 | Abyss:2  | 8468 ||| Stepping ~*~*~tactically~*~*~ (stealth).
  8469 | Abyss:2  | 8469 ||| Stepping ~*~*~tactically~*~*~ (stealth).
  8473 | Abyss:2  | Killed a glowing orange brain
  8502 | Abyss:2  | 8502 ||| Stepping ~*~*~tactically~*~*~ (stealth).
  8503 | Abyss:2  | 8503 ||| Stepping ~*~*~tactically~*~*~ (stealth).
  8506 | Abyss:2  | Noticed a great orb of eyes
  8532 | Abyss:2  | Found a corrupted altar of Lugonu.
  8541 | Abyss:2  | Noticed a starcursed mass
  8542 | Abyss:2  | 8542 ||| Stepping ~*~*~tactically~*~*~ (hiding).
  8544 | Abyss:2  | 8544 ||| Stepping ~*~*~tactically~*~*~ (hiding).
  8552 | Abyss:2  | Killed a starcursed mass
  8553 | Abyss:2  | Reached skill level 12 in Axes
  8555 | Abyss:2  | 8555 ||| INVOKING Heroism.
  8556 | Abyss:2  | Killed a starcursed mass
  8563 | Abyss:2  | Noticed a wretched star
  8563 | Abyss:2  | 8563 ||| Stepping ~*~*~tactically~*~*~ (stealth).
  8576 | Abyss:2  | Killed a wretched star
  8576 | Abyss:2  | Reached ***** piety under Okawaru
  8577 | Abyss:2  | Reached skill level 6 in Invocations
  8579 | D:9      | Escaped the Abyss
  8581 | D:9      | 8581 ||| INVOKING Finesse.
  8582 | D:9      | 8582 ||| INVOKING Heroism.
  8587 | D:9      | Killed Erolcha
  8891 | D:9      | Reached skill level 9 in Armour
  9134 | D:9      | Noticed a cyclops
  9134 | D:9      | Noticed a tengu warrior
  9135 | D:9      | 9135 ||| Stepping ~*~*~tactically~*~*~ (hiding).
  9140 | D:9      | Noticed a manticore
  9145 | D:9      | Killed a manticore
  9145 | D:9      | Identified the ring of the Genius {Wiz rPois rC- Str+2
                  | SInv}
  9145 | D:9      | Noticed a centaur warrior
  9149 | D:9      | Killed a tengu warrior
  9150 | D:9      | Reached skill level 6 in Shields
  9150 | D:9      | Reached XP level 12. HP: 76/76 MP: 17/17
  9154 | D:9      | Identified the +4 sling "Rowk" {venom, Will+ rCorr Int+4}
                  | (Okawaru gifted it to you on level 9 of the Dungeon)
  9154 | D:9      | Received a gift from Okawaru
  9156 | D:9      | Noticed a centaur warrior
  9159 | D:9      | 9159 ||| INVOKING Heroism.
  9159 | D:9      | Identified the +7 arbalest "Nijiliec" {flame, rF- rN+
                  | Dex+6}
  9166 | D:9      | Killed a centaur warrior
  9180 | D:9      | Killed a centaur warrior
  9331 | D:9      | Identified the ring of Eneomalaicze {Fly Str-4 Int-5 Dex+9
                  | SInv}
  9338 | D:9      | Identified the +3 quarterstaff "Concordance" {antimagic,
                  | rPois}
  9486 | D:9      | 9486 ||| Stepping ~*~*~tactically~*~*~ (hiding).
  9489 | D:9      | 9489 ||| Stepping ~*~*~tactically~*~*~ (hiding).
  9490 | D:9      | 9490 ||| INVOKING Heroism.
  9501 | D:9      | 9501 ||| Stepping ~*~*~tactically~*~*~ (stealth).
  9713 | D:9      | 9713 ||| UPGRADING to +3 plate armour of cold resistance.
  9723 | D:9      | 9723 ||| DROPPING +0 plate armour.
  9724 | D:9      | 9724 ||| DROPPING ring of the Genius {Wiz rPois rC- Str+2
                  | SInv}.
  9725 | D:9      | 9725 ||| UPGRADING to ring of Eneomalaicze {Fly Str-4 Int-5
                  | Dex+9 SInv}.
  9760 | D:10     | Entered Level 10 of the Dungeon
  9954 | D:10     | 9954 ||| Stepping ~*~*~tactically~*~*~ (stealth).
  9955 | D:10     | 9955 ||| Stepping ~*~*~tactically~*~*~ (stealth).
  9960 | D:10     | Reached skill level 9 in Invocations
  9963 | D:10     | 9963 ||| DRINKING 10 potions of curing.
  9963 | D:10     | 9963 ||| (to cure confusion)
  9965 | D:10     | 9965 ||| DRINKING 9 potions of curing.
  9965 | D:10     | 9965 ||| (to cure confusion)
  9977 | D:10     | Reached skill level 3 in Dodging
 10084 | D:10     | 10084 ||| INVOKING Heroism.
 10168 | D:10     | Noticed a soul eater
 10169 | D:10     | Noticed a soul eater
 10169 | D:10     | 10169 ||| INVOKING Heroism.
 10260 | D:10     | Found a glowing golden altar of the Shining One.
 10400 | D:10     | 10400 ||| DRINKING 9 potions of curing.
 10400 | D:10     | 10400 ||| (to cure confusion)
 10751 | D:10     | 10751 ||| DRINKING 2 murky emerald potions.
 10799 | D:11     | 10799 ||| INVOKING Heroism.
 10803 | D:11     | Identified the +1 crystal plate armour of Masochism
                  | {+Blink} (Okawaru gifted it to you on level 11 of the
                  | Dungeon)
 10803 | D:11     | Received a gift from Okawaru
 10823 | D:11     | 10823 ||| DRINKING 8 potions of curing.
 10823 | D:11     | 10823 ||| (to cure confusion)
 10826 | D:11     | 10826 ||| DRINKING 7 potions of curing.
 10826 | D:11     | 10826 ||| (to cure confusion)
 10838 | D:11     | Noticed a two-headed ogre
 10847 | D:11     | Killed a two-headed ogre
 11021 | D:11     | Noticed a two-headed ogre
 11030 | D:11     | 11030 ||| INVOKING Heroism.
 11033 | D:11     | Killed a two-headed ogre
 11203 | D:11     | Found a staircase to the Lair.
 11333 | D:11     | 11333 ||| PLANNING LAIR
 11333 | D:11     | 11333 ||| UPGRADING to +1 crystal plate armour of Masochism
                  | {+Blink}.
 11379 | Lair:1   | Entered Level 1 of the Lair of Beasts
 11396 | Lair:1   | 11396 ||| Stepping ~*~*~tactically~*~*~ (stealth).
 11397 | Lair:1   | 11397 ||| Stepping ~*~*~tactically~*~*~ (stealth).
 11402 | Lair:1   | 11402 ||| Stepping ~*~*~tactically~*~*~ (stealth).
 11403 | Lair:1   | 11403 ||| Stepping ~*~*~tactically~*~*~ (stealth).
 11414 | Lair:1   | Found a runed translucent gate.
 11414 | Lair:1   | Found a runed translucent gate.
 11414 | Lair:1   | Found a viscous altar of Jiyva.
 11414 | Lair:1   | Found a runed translucent gate.
 11414 | Lair:1   | Noticed qw's ghost (journeyman GrFi)
 11448 | Lair:1   | 11448 ||| Stepping ~*~*~tactically~*~*~ (stealth).
 11499 | Lair:1   | 11499 ||| Stepping ~*~*~tactically~*~*~ (stealth).
 11506 | Lair:1   | 11506 ||| Stepping ~*~*~tactically~*~*~ (stealth).
 11585 | Lair:1   | 11585 ||| Stepping ~*~*~tactically~*~*~ (stealth).
 11590 | Lair:1   | 11590 ||| Stepping ~*~*~tactically~*~*~ (stealth).
 11591 | Lair:1   | 11591 ||| Stepping ~*~*~tactically~*~*~ (stealth).
 11640 | Lair:1   | 11640 ||| Stepping ~*~*~tactically~*~*~ (stealth).
 11646 | Lair:1   | 11646 ||| Stepping ~*~*~tactically~*~*~ (stealth).
 11649 | Lair:1   | 11649 ||| INVOKING Heroism.
 11660 | Lair:1   | Reached XP level 13. HP: 76/82 MP: 18/20
 11791 | Lair:1   | 11791 ||| Stepping ~*~*~tactically~*~*~ (stealth).
 11796 | Lair:1   | 11796 ||| INVOKING Heroism.
 11797 | Lair:1   | 11797 ||| INVOKING Finesse.
 11937 | Lair:1   | You are sucked into a shaft and drop 1 floor!
 11991 | Lair:2   | 11991 ||| Stepping ~*~*~tactically~*~*~ (stealth).
 11994 | Lair:2   | 11994 ||| Stepping ~*~*~tactically~*~*~ (stealth).
 12054 | Lair:2   | Found a dark tunnel.
 12107 | Lair:2   | Reached skill level 12 in Armour
 12112 | Lair:2   | Reached ****** piety under Okawaru
 12126 | Lair:2   | 12126 ||| Stepping ~*~*~tactically~*~*~ (stealth).
 12204 | Lair:2   | 12204 ||| Stepping ~*~*~tactically~*~*~ (stealth).
 12205 | Lair:2   | 12205 ||| Stepping ~*~*~tactically~*~*~ (stealth).
 12252 | Lair:2   | Reached skill level 13 in Axes
 12261 | Lair:2   | 12261 ||| READING 3 scrolls of identify.
 12261 | Lair:2   | 12261 ||| IDENTIFYING fizzy inky potion
 12276 | Lair:2   | Received a gift from Okawaru
 12992 | Lair:2   | Found a staircase to the Shoals.
 13493 | Lair:3   | 13493 ||| STAIRDANCE
 13611 | Lair:3   | 13611 ||| INVOKING Heroism.
 13614 | Lair:3   | 13614 ||| STAIRDANCE
 13674 | Lair:3   | Noticed Kirke
 13675 | Lair:3   | 13675 ||| INVOKING Heroism.
 13676 | Lair:3   | 13676 ||| INVOKING Finesse.
 13679 | Lair:3   | 13679 ||| Stepping ~*~*~tactically~*~*~ (stealth).
 13690 | Lair:3   | Killed Kirke
 13733 | Lair:3   | 13733 ||| Stepping ~*~*~tactically~*~*~ (stealth).
 13734 | Lair:3   | 13734 ||| Stepping ~*~*~tactically~*~*~ (stealth).
 13735 | Lair:3   | 13735 ||| Stepping ~*~*~tactically~*~*~ (stealth).
 13736 | Lair:3   | 13736 ||| Stepping ~*~*~tactically~*~*~ (stealth).
 13748 | Lair:3   | 13748 ||| Stepping ~*~*~tactically~*~*~ (stealth).
 13767 | Lair:3   | Noticed Gastronok
 13768 | Lair:3   | 13768 ||| Stepping ~*~*~tactically~*~*~ (hiding).
 13769 | Lair:3   | 13769 ||| Stepping ~*~*~tactically~*~*~ (hiding).
 13775 | Lair:3   | 13775 ||| Stepping ~*~*~tactically~*~*~ (hiding).
 13777 | Lair:3   | 13777 ||| Stepping ~*~*~tactically~*~*~ (hiding).
 13779 | Lair:3   | 13779 ||| INVOKING Heroism.
 13793 | Lair:3   | Killed Gastronok
 13816 | Lair:3   | 13816 ||| Stepping ~*~*~tactically~*~*~ (stealth).
 13900 | Lair:3   | Identified the +2 dagger of the Moon {flame, rC+ Will+
                  | MP-9}
 13901 | Lair:3   | 13901 ||| Stepping ~*~*~tactically~*~*~ (stealth).
 13962 | Lair:3   | 13962 ||| INVOKING Heroism.
 13999 | Lair:3   | 13999 ||| INVOKING Heroism.
 14010 | Lair:3   | Received a gift from Okawaru
 14116 | Lair:3   | Noticed Nessos
 14117 | Lair:3   | 14117 ||| Stepping ~*~*~tactically~*~*~ (hiding).
 14118 | Lair:3   | 14118 ||| Stepping ~*~*~tactically~*~*~ (hiding).
 14119 | Lair:3   | 14119 ||| Stepping ~*~*~tactically~*~*~ (hiding).
 14120 | Lair:3   | 14120 ||| Stepping ~*~*~tactically~*~*~ (hiding).
 14121 | Lair:3   | 14121 ||| INVOKING Finesse.
 14129 | Lair:3   | 14129 ||| INVOKING Heroism.
 14139 | Lair:3   | Killed Nessos
 14427 | Lair:3   | 14427 ||| Stepping ~*~*~tactically~*~*~ (stealth).
 14447 | Lair:3   | Found a hole to the Spider Nest.
 14448 | Lair:3   | 14448 ||| INVOKING Finesse.
 14690 | Lair:3   | 14690 ||| UPGRADING to +2 hat of willpower.
 14695 | Lair:3   | 14695 ||| UPGRADING to scarf of repulsion.
 14705 | Lair:3   | 14705 ||| READING scroll labelled FUM LUPSINOOZ.
 14744 | Lair:4   | 14744 ||| STAIRDANCE
 14780 | Lair:4   | 14780 ||| Stepping ~*~*~tactically~*~*~ (stealth).
 14782 | Lair:4   | 14782 ||| INVOKING Heroism.
 14927 | Lair:4   | 14927 ||| INVOKING Heroism.
 14991 | Lair:4   | 14991 ||| INVOKING Heroism.
 15116 | Lair:4   | 15116 ||| INVOKING Heroism.
 15121 | Lair:4   | Reached skill level 14 in Axes
 15187 | Lair:4   | Found a viscous altar of Jiyva.
 15187 | Lair:4   | Found a staircase to the Slime Pits.
 15407 | Lair:4   | 15407 ||| DROPPING amulet of guardian spirit.
 15408 | Lair:4   | 15408 ||| DROPPING amulet of regeneration.
 15423 | Lair:5   | Entered Level 5 of the Lair of Beasts
 15435 | Lair:5   | 15435 ||| INVOKING Heroism.
 15489 | Lair:5   | 15489 ||| Stepping ~*~*~tactically~*~*~ (stealth).
 15491 | Lair:5   | 15491 ||| Stepping ~*~*~tactically~*~*~ (stealth).
 15494 | Lair:5   | 15494 ||| Stepping ~*~*~tactically~*~*~ (stealth).
 15495 | Lair:5   | 15495 ||| Stepping ~*~*~tactically~*~*~ (stealth).
 15497 | Lair:5   | 15497 ||| INVOKING Heroism.
 15515 | Lair:5   | Gained mutation: Your large and strong wings let you fly.
                  | [Gargoyle growth]
 15515 | Lair:5   | Reached XP level 14. HP: 85/88 MP: 21/21
 15517 | Lair:5   | 15517 ||| Stepping ~*~*~tactically~*~*~ (stealth).
 15533 | Lair:5   | 15533 ||| Stepping ~*~*~tactically~*~*~ (stealth).
 15536 | Lair:5   | 15536 ||| Stepping ~*~*~tactically~*~*~ (stealth).
 15537 | Lair:5   | 15537 ||| Stepping ~*~*~tactically~*~*~ (stealth).
 15538 | Lair:5   | 15538 ||| Stepping ~*~*~tactically~*~*~ (stealth).
 15540 | Lair:5   | 15540 ||| Stepping ~*~*~tactically~*~*~ (stealth).
 15541 | Lair:5   | 15541 ||| Stepping ~*~*~tactically~*~*~ (stealth).
 15544 | Lair:5   | 15544 ||| Stepping ~*~*~tactically~*~*~ (stealth).
 15549 | Lair:5   | 15549 ||| Stepping ~*~*~tactically~*~*~ (stealth).
 15552 | Lair:5   | 15552 ||| INVOKING Heroism.
 15682 | Lair:5   | 15682 ||| READING scroll of acquirement.
 15682 | Lair:5   | 15682 ||| ACQUIRING +1 pair of gloves of a treasure trove
                  | {rC++}
 15682 | Lair:5   | Acquired the +1 pair of gloves of a treasure trove {rC++}
 15684 | Lair:5   | 15684 ||| UPGRADING to +1 pair of gloves of a treasure
                  | trove {rC++}.
 15694 | Lair:5   | 15694 ||| DROPPING +0 pair of gloves.
 15741 | Lair:5   | 15741 ||| INVOKING Heroism.
 15761 | Lair:5   | 15761 ||| INVOKING Finesse.
 15762 | Lair:5   | 15762 ||| Stepping ~*~*~tactically~*~*~ (stealth).
 15763 | Lair:5   | 15763 ||| Stepping ~*~*~tactically~*~*~ (stealth).
 15896 | Lair:5   | 15896 ||| Stepping ~*~*~tactically~*~*~ (hiding).
 15897 | Lair:5   | 15897 ||| Stepping ~*~*~tactically~*~*~ (hiding).
 16107 | Lair:5   | 16107 ||| INVOKING Heroism.
 16108 | Lair:5   | 16108 ||| INVOKING Finesse.
 16111 | Lair:5   | 16111 ||| SWAPPING to +3 morningstar of freezing.
 16122 | Lair:5   | 16122 ||| SWAPPING to +3 broad axe of electrocution.
 16142 | Lair:5   | 16142 ||| Stepping ~*~*~tactically~*~*~ (stealth).
 16245 | Lair:5   | 16245 ||| FLEEEEING.
 16246 | Lair:5   | 16246 ||| FLEEEEING.
 16247 | Lair:5   | 16247 ||| FLEEEEING.
 16248 | Lair:5   | 16248 ||| FLEEEEING.
 16249 | Lair:5   | 16249 ||| FLEEEEING.
 16250 | Lair:5   | 16250 ||| FLEEEEING.
 16254 | Lair:5   | 16254 ||| FLEEEEING.
 16255 | Lair:5   | 16255 ||| FLEEEEING.
 16256 | Lair:5   | 16256 ||| FLEEEEING.
 16257 | Lair:5   | 16257 ||| FLEEEEING.
 16258 | Lair:5   | 16258 ||| FLEEEEING.
 16260 | Lair:5   | 16260 ||| FLEEEEING.
 16261 | Lair:5   | 16261 ||| FLEEEEING.
 16262 | Lair:5   | 16262 ||| STAIRDANCE
 16364 | Lair:4   | 16364 ||| READING 5 scrolls of identify.
 16364 | Lair:4   | 16364 ||| IDENTIFYING viscous purple potion
 16367 | Lair:5   | 16367 ||| STAIRDANCE
 16369 | Lair:4   | 16369 ||| INVOKING Heroism.
 16370 | Lair:4   | 16370 ||| SWAPPING to +3 morningstar of freezing.
 16371 | Lair:4   | 16371 ||| INVOKING Finesse.
 16377 | Lair:4   | 16377 ||| SWAPPING to +3 broad axe of electrocution.
 16416 | Lair:5   | 16416 ||| STAIRDANCE
 16425 | Lair:4   | Reached skill level 15 in Axes
 16432 | Lair:5   | 16432 ||| STAIRDANCE
 16464 | Lair:5   | 16464 ||| INVOKING Heroism.
 16466 | Lair:5   | 16466 ||| STAIRDANCE
 16479 | Lair:5   | 16479 ||| STAIRDANCE
 16490 | Lair:5   | 16490 ||| INVOKING Finesse.
 16498 | Lair:5   | 16498 ||| INVOKING Heroism.
 16770 | Lair:5   | Noticed a dire elephant
 16770 | Lair:5   | Noticed a dire elephant
 16770 | Lair:5   | Noticed a dire elephant
 16773 | Lair:5   | 16773 ||| INVOKING Heroism.
 16773 | Lair:5   | Noticed a dire elephant
 16774 | Lair:5   | 16774 ||| INVOKING Finesse.
 16813 | Lair:5   | 16813 ||| Stepping ~*~*~tactically~*~*~ (stealth).
 16917 | Lair:5   | 16917 ||| FLEEEEING.
 16919 | Lair:5   | 16919 ||| FLEEEEING.
 16920 | Lair:5   | 16920 ||| FLEEEEING.
 16921 | Lair:5   | 16921 ||| FLEEEEING.
 16922 | Lair:5   | 16922 ||| FLEEEEING.
 16923 | Lair:5   | 16923 ||| FLEEEEING.
 16924 | Lair:5   | 16924 ||| FLEEEEING.
 16926 | Lair:5   | 16926 ||| FLEEEEING.
 16927 | Lair:5   | 16927 ||| FLEEEEING.
 16928 | Lair:5   | 16928 ||| FLEEEEING.
 16929 | Lair:5   | 16929 ||| FLEEEEING.
 16930 | Lair:5   | 16930 ||| FLEEEEING.
 16931 | Lair:5   | 16931 ||| FLEEEEING.
 16935 | Lair:5   | 16935 ||| FLEEEEING.
 16936 | Lair:5   | 16936 ||| FLEEEEING.
 16937 | Lair:5   | 16937 ||| FLEEEEING.
 16938 | Lair:5   | 16938 ||| FLEEEEING.
 16940 | Lair:5   | 16940 ||| FLEEEEING.
 16941 | Lair:5   | 16941 ||| FLEEEEING.
 17024 | Lair:5   | 17024 ||| INVOKING Heroism.
 17041 | Lair:5   | Reached skill level 3 in Throwing
 17058 | Lair:5   | 17058 ||| READING scroll of enchant armour.
 17058 | Lair:5   | 17058 ||| ENCHANTING +0 pair of boots.
 17126 | Lair:5   | Identified the +3 scale mail of Death's Door {Dex+3}
                  | (Okawaru gifted it to you on level 5 of the Lair of Beasts)
 17126 | Lair:5   | Received a gift from Okawaru
 17132 | Lair:5   | 17132 ||| Stepping ~*~*~tactically~*~*~ (hiding).
 17133 | Lair:5   | 17133 ||| INVOKING Heroism.
 17145 | Lair:5   | Killed a dire elephant
 17157 | Lair:5   | Killed a dire elephant
 17172 | Lair:5   | Killed a dire elephant
 17178 | Lair:5   | HP: 19/90 [dire elephant (7)]
 17179 | Lair:5   | 17179 ||| READING 8 scrolls of teleportation.
 17180 | Lair:5   | 17180 ||| DRINKING 2 potions of heal wounds.
 17184 | Lair:5   | HP: 20/90 [dire elephant (17)]
 17185 | Lair:5   | 17185 ||| DRINKING potion of heal wounds.
 17372 | Lair:5   | 17372 ||| Stepping ~*~*~tactically~*~*~ (stealth).
 17388 | Lair:5   | 17388 ||| INVOKING Heroism.
 17389 | Lair:5   | 17389 ||| INVOKING Finesse.
 17470 | Lair:5   | 17470 ||| INVOKING Heroism.
 17485 | Lair:5   | Killed a dire elephant
 17518 | Lair:5   | Reached skill level 6 in Throwing
 17544 | Lair:5   | Identified the +1 scale mail of the Tortured God {rC+ Str+4
                  | Int+8 Stlth+}
 17663 | Lair:5   | 17663 ||| PLANNING D
 17792 | D:12     | 17792 ||| STAIRDANCE
 17849 | D:12     | Noticed Psyche
 17855 | D:12     | Killed Psyche
 17861 | D:12     | 17861 ||| INVOKING Heroism.
 17862 | D:12     | 17862 ||| INVOKING Finesse.
 17882 | D:12     | Reached XP level 15. HP: 79/95 MP: 15/22
 18024 | D:12     | 18024 ||| Stepping ~*~*~tactically~*~*~ (stealth).
 18029 | D:12     | 18029 ||| INVOKING Heroism.
 18046 | D:12     | 18046 ||| Stepping ~*~*~tactically~*~*~ (stealth).
 18060 | D:12     | Reached skill level 12 in Fighting
 18310 | D:12     | 18310 ||| Stepping ~*~*~tactically~*~*~ (stealth).
 18339 | D:12     | Found a frozen archway.
 18354 | D:12     | 18354 ||| Stepping ~*~*~tactically~*~*~ (hiding).
 18768 | D:13     | 18768 ||| INVOKING Finesse.
 18858 | D:13     | 18858 ||| Stepping ~*~*~tactically~*~*~ (hiding).
 18984 | D:13     | 18984 ||| Stepping ~*~*~tactically~*~*~ (hiding).
 19021 | D:13     | 19021 ||| INVOKING Heroism.
 19084 | D:13     | 19084 ||| INVOKING Heroism.
 19276 | D:13     | 19276 ||| Stepping ~*~*~tactically~*~*~ (stealth).
 19283 | D:13     | 19283 ||| Stepping ~*~*~tactically~*~*~ (hiding).
 19289 | D:13     | Noticed Azrael
 19290 | D:13     | 19290 ||| INVOKING Heroism.
 19291 | D:13     | 19291 ||| INVOKING Finesse.
 19301 | D:13     | Killed Azrael
 19445 | D:13     | 19445 ||| Stepping ~*~*~tactically~*~*~ (stealth).
 19447 | D:13     | 19447 ||| Stepping ~*~*~tactically~*~*~ (stealth).
 19448 | D:13     | 19448 ||| Stepping ~*~*~tactically~*~*~ (stealth).
 19655 | D:13     | 19655 ||| Stepping ~*~*~tactically~*~*~ (stealth).
 19656 | D:13     | 19656 ||| Stepping ~*~*~tactically~*~*~ (stealth).
 19657 | D:13     | 19657 ||| Stepping ~*~*~tactically~*~*~ (stealth).
 19658 | D:13     | 19658 ||| Stepping ~*~*~tactically~*~*~ (stealth).
 19660 | D:13     | 19660 ||| Stepping ~*~*~tactically~*~*~ (hiding).
 19661 | D:13     | 19661 ||| INVOKING Heroism.
 19673 | D:13     | Received a gift from Okawaru
 19716 | D:13     | Found a gate to the Vaults.
 19738 | D:13     | 19738 ||| Stepping ~*~*~tactically~*~*~ (hiding).
 19739 | D:13     | 19739 ||| Stepping ~*~*~tactically~*~*~ (hiding).
 19747 | D:13     | Reached skill level 16 in Axes
 19817 | D:13     | Found a portal to a secret trove of treasure.
 19962 | D:13     | 19962 ||| Stepping ~*~*~tactically~*~*~ (hiding).
 19964 | D:13     | 19964 ||| Stepping ~*~*~tactically~*~*~ (hiding).
 19999 | D:13     | 19999 ||| READING scroll labelled IMIPHU SITUG.
 20025 | D:14     | 20025 ||| READING scroll of enchant armour.
 20025 | D:14     | 20025 ||| ENCHANTING +1 pair of boots.
 20050 | D:14     | 20050 ||| Stepping ~*~*~tactically~*~*~ (stealth).
 20051 | D:14     | 20051 ||| Stepping ~*~*~tactically~*~*~ (hiding).
 20136 | D:14     | 20136 ||| Stepping ~*~*~tactically~*~*~ (stealth).
 20173 | D:14     | 20173 ||| Stepping ~*~*~tactically~*~*~ (stealth).
 20182 | D:14     | 20182 ||| Stepping ~*~*~tactically~*~*~ (stealth).
 20230 | D:14     | 20230 ||| Stepping ~*~*~tactically~*~*~ (stealth).
 20235 | D:14     | 20235 ||| INVOKING Heroism.
 20250 | D:14     | 20250 ||| INVOKING Finesse.
 20255 | D:14     | 20255 ||| SWAPPING to +3 morningstar of freezing.
 20262 | D:14     | Identified the +1 robe "Weafoita" {Str-4 SInv Stlth+
                  | Archmagi} (Okawaru gifted it to you on level 14 of the
                  | Dungeon)
 20262 | D:14     | Received a gift from Okawaru
 20263 | D:14     | 20263 ||| SWAPPING to +3 broad axe of electrocution.
 20344 | D:14     | 20344 ||| INVOKING Heroism.
 20656 | D:14     | 20656 ||| Stepping ~*~*~tactically~*~*~ (hiding).
 20803 | D:14     | Reached skill level 15 in Armour
 20807 | D:14     | 20807 ||| Stepping ~*~*~tactically~*~*~ (hiding).
 21058 | D:15     | Entered Level 15 of the Dungeon
 21060 | D:15     | 21060 ||| INVOKING Heroism.
 21086 | D:15     | 21086 ||| Stepping ~*~*~tactically~*~*~ (stealth).
 21087 | D:15     | 21087 ||| Stepping ~*~*~tactically~*~*~ (stealth).
 21325 | D:15     | Found Motesan's Jewellery Shoppe.
 21335 | D:15     | 21335 ||| BUYING ring "Wueng" {rElec Will+ Str+6 Int-3}
                  | (936 gold).
 21335 | D:15     | Bought the ring "Wueng" {rElec Will+ Str+6 Int-3} for 936
                  | gold pieces
 21335 | D:15     | 21335 ||| SHOPLISTING ring of resist corrosion (380 gold,
                  | have 123).
 21476 | D:15     | Identified the +10 long sword of the Unspeakable One
                  | {spect, +Blink rPois Str+3}
 21492 | D:15     | 21492 ||| INVOKING Heroism.
 21495 | D:15     | 21495 ||| Stepping ~*~*~tactically~*~*~ (stealth).
 21689 | D:15     | 21689 ||| Stepping ~*~*~tactically~*~*~ (hiding).
 21690 | D:15     | 21690 ||| INVOKING Heroism.
 21691 | D:15     | 21691 ||| SWAPPING to +3 morningstar of freezing.
 21692 | D:15     | 21692 ||| INVOKING Finesse.
 21698 | D:15     | 21698 ||| SWAPPING to +3 broad axe of electrocution.
 21785 | D:15     | Found a staircase to the Depths.
 21882 | D:15     | 21882 ||| PLANNING ORC
 21882 | D:15     | 21882 ||| UPGRADING to ring "Wueng" {rElec Will+ Str+6
                  | Int-3}.
 22029 | Orc:1    | Entered Level 1 of the Orcish Mines
 22103 | Orc:2    | Entered Level 2 of the Orcish Mines
 22112 | Orc:1    | 22112 ||| Stepping ~*~*~tactically~*~*~ (stealth).
 22114 | Orc:1    | 22114 ||| Stepping ~*~*~tactically~*~*~ (stealth).
 22117 | Orc:1    | 22117 ||| Stepping ~*~*~tactically~*~*~ (stealth).
 22124 | Orc:1    | 22124 ||| INVOKING Heroism.
 22292 | Orc:2    | Found a staircase to the Elven Halls.
 22299 | Orc:1    | 22299 ||| Stepping ~*~*~tactically~*~*~ (stealth).
 22301 | Orc:1    | 22301 ||| Stepping ~*~*~tactically~*~*~ (hiding).
 22304 | Orc:1    | 22304 ||| INVOKING Heroism.
 22332 | Orc:1    | 22332 ||| Stepping ~*~*~tactically~*~*~ (hiding).
 22333 | Orc:1    | 22333 ||| Stepping ~*~*~tactically~*~*~ (hiding).
 22334 | Orc:1    | 22334 ||| Stepping ~*~*~tactically~*~*~ (hiding).
 22339 | Orc:1    | Reached XP level 16. HP: 101/101 MP: 23/23
 22351 | Orc:1    | 22351 ||| INVOKING Heroism.
 22358 | Orc:1    | Found a runed translucent gate.
 22358 | Orc:1    | Found a runed translucent gate.
 22358 | Orc:1    | Found a runed translucent gate.
 22447 | Orc:1    | Noticed burt's ghost (journeyman DrCj)
 22586 | Orc:1    | 22586 ||| INVOKING Heroism.
 22587 | Orc:1    | 22587 ||| INVOKING Finesse.
 22588 | Orc:1    | 22588 ||| INVOKING Finesse.
 22875 | Orc:2    | 22875 ||| Stepping ~*~*~tactically~*~*~ (hiding).
 22876 | Orc:2    | 22876 ||| Stepping ~*~*~tactically~*~*~ (hiding).
 22877 | Orc:2    | 22877 ||| Stepping ~*~*~tactically~*~*~ (hiding).
 22878 | Orc:2    | 22878 ||| Stepping ~*~*~tactically~*~*~ (hiding).
 22879 | Orc:2    | 22879 ||| Stepping ~*~*~tactically~*~*~ (hiding).
 22882 | Orc:2    | 22882 ||| INVOKING Heroism.
 23068 | Orc:2    | 23068 ||| Stepping ~*~*~tactically~*~*~ (hiding).
 23072 | Orc:2    | Found Piameac's Jewellery Emporium.
 23081 | Orc:2    | 23081 ||| INVOKING Heroism.
 23102 | Orc:2    | 23102 ||| Stepping ~*~*~tactically~*~*~ (stealth).
 23103 | Orc:2    | 23103 ||| Stepping ~*~*~tactically~*~*~ (stealth).
 23104 | Orc:2    | 23104 ||| Stepping ~*~*~tactically~*~*~ (hiding).
 23111 | Orc:2    | 23111 ||| Stepping ~*~*~tactically~*~*~ (hiding).
 23115 | Orc:2    | 23115 ||| INVOKING Heroism.
 23123 | Orc:2    | HP: 25/101 [orc knight/+2 great mace (15)]
 23123 | Orc:2    | HP: 10/101 [orc knight/+0 halberd (15)]
 23124 | Orc:2    | 23124 ||| READING 9 scrolls of teleportation.
 23124 | Orc:2    | Slain by an orc knight

Levels and vault maps discovered:
D:1:      saegor_arrival_simple_b, layout_rooms,
          shapermc_ecumenical_altar_mp_ritualfount
D:2:      layout_rooms, minmay_misc_feat_secret_circle
D:3:      lemuel_castle_with_subvaults [lemuel_castle_interior_carwin_1],
          layout_basic, st_stairs_1, minmay_door_square,
          minmay_tree_intersection, minmay_randomly_rotated_circles
D:4:      layout_loops_ring, grunt_temple_overflow_open, serial_shops,
          nicolae_lakefront_shop, kennysheep_minor_cross
D:5:      layout_loops_ring
D:6:      layout_loops_corners, lightli_ossuary_entry_decrepit_ruins,
          serial_shops, shop
D:7:      cheibrodos_grave_circle, layout_basic, minmay_temple_entry_slanted,
          serial_shops, nicolae_stop_n_shop_2, uniq_crazy_yiuf_cottage,
          uniq_prince_ribbit1
D:8:      layout_basic, biasface_ghost_orc_armoury,
          nicolae_concentric_dashed_squares_wild, uniq_maggie
D:9:      minmay_the_grid_triangle_9x9_recursive_2_mashed
          [minmay_the_grid_triangle_9x9_prize_center,
          minmay_the_grid_triangle_9x9_swiss_cheese,
          minmay_the_grid_triangle_9x9_checkered,
          minmay_the_grid_triangle_9x9_intruding_spiral], layout_basic,
          minmay_orc_entry_temple_small, serial_bayou, serial_bayou_shore_b,
          serial_bayou_ford_a, serial_bayou_lagoon_a, serial_bayou_lagoon_b,
          serial_bayou_shore_a, nicolae_figureground_sparkle, uniq_erolcha
D:10:     layout_basic, tso_altar, serial_undead, serial_undead_e,
          serial_undead_e, serial_undead_e, serial_undead_b
D:11:     layout_roguey, lair_entry_dummy
D:12:     minmay_bloctagon_deflated, layout_long_grid,
          portal_ice_cave_demonic_guard, wad_floor_pattern_1, uniq_psyche
D:13:     layout_loops_cross, david_vaults_2, special_room [special_room_bee],
          nicolae_trove_entry_free_sample, uniq_azrael
D:14:     layout_basic, lemuel_flame_loot_1
D:15:     hangedman_depths_entry_try_elsewhere_first, layout_loops_ring,
          moated_statue, serial_shops, shop
Temple:   nicolae_temple_bog_church
Lair:1:   layout_loops_ring, gammafunk_ghost_ooze, grunt_forest_small_clearings,
          grunt_megastairs_5
Lair:2:   layout_layer_cave, minmay_shoals_entry_lonely_mermaid,
          enter_volcano_3, minivault_24, lemuel_fruit_fields, lemuel_fruit_tree
Lair:3:   layout_regular_city, nicolae_spider_entry_orb_guardian,
          uniq_gastronok, uniq_kirke, uniq_nessos
Lair:4:   layout_small_grid, dpeg_slime_entry_enclosed, evilmike_ambush
          [evilmike_ambush_outer_basic, evilmike_ambush_inner_basic]
Lair:5:   due_jungle_book, layout_loops_ring, grunt_megastairs_3,
          lemuel_fruit_fields
Orc:1:    layout_diamond_mine, gammafunk_ghost_split
Orc:2:    st_orc_elflike, layout_diamond_mine, basic_altar, minmay_orc_temple_c

Skill      XL: |  1  2  3  4  5  6  7  8  9 10 11 12 13 14 15 |
---------------+----------------------------------------------+-----
Axes           | 2 3 4 5 7 8 10 11 12 14 15 16 | 16.8
Fighting       | 4 5 6 7 8 9 10 11 12 | 12.0
Dodging        | 1 3 |  3.0
Armour         | 4 6 8 9 10 13 14 15 | 15.0
Throwing       | 1 2 6 7 |  7.0
Shields        | 4 5 6 7 8 |  8.0
Invocations    | 2 4 7 10 | 10.0

Action                   |  1- 3 |  4- 6 |  7- 9 | 10-12 | 13-15 | 16-18 || total
-------------------------+-------+-------+-------+-------+-------+-------++-------
Melee: War axe           |   107 |   166 |    70 |       |       |       ||   343
       Broad axe         |       |       |   200 |   477 |  1152 |    80 ||  1909
       Morningstar       |       |       |       |       |    23 |       ||    23
Throw: Boomerang         |       |    24 |    59 |    71 |    97 |       ||   251
       Javelin           |       |       |       |       |    43 |     9 ||    52
Invok: Heroism           |       |       |     1 |    25 |    37 |     5 ||    68
       Finesse           |       |       |       |     1 |    15 |     1 ||    17
  Use: Scroll            |     4 |     9 |     9 |     3 |     8 |     1 ||    34
       Potion            |     1 |       |       |     7 |     2 |       ||    10
 Stab: Distracted        |       |       |       |     1 |       |       ||     1
       Petrified         |       |       |       |       |     4 |       ||     4
       Petrifying        |       |       |       |       |     3 |       ||     3
Armor: Scale mail        |    46 |    45 |    13 |       |       |       ||   104
       Chain mail        |       |       |    98 |    16 |       |       ||   114
       Plate armour      |       |       |       |   121 |       |       ||   121
       Crystal plate arm |       |       |       |    15 |   487 |    27 ||   529
Dodge: Dodged            |    37 |   124 |   184 |   274 |   607 |    39 ||  1265
       Repelled          |       |       |       |       |     7 |     2 ||     9
Block: Buckler           |    25 |    88 |   124 |   119 |   314 |    12 ||   682
       Reflection        |       |     6 |     2 |       |       |       ||     8

Table legend:
 A = Non-vault XP
 B = Vault XP
 C = Vault XP percentage of total XP
 D = Non-vault monster count
 E = Vault monster count
 F = Vault count percentage of total count
                 A         B        C        D         E       F
            +---------+---------+-------+---------+---------+-------
      Total |   85961 |   50299 |  36.9 |     461 |     201 |  30.4
            +---------+---------+-------+---------+---------+-------
        D:1 |      43 |       0 |   0.0 |      25 |       0 |   0.0
        D:2 |      83 |       3 |   3.5 |      18 |       1 |   5.3
        D:3 |      24 |     694 |  96.7 |      12 |      61 |  83.6
        D:4 |     230 |       0 |   0.0 |      19 |       0 |   0.0
        D:5 |     525 |       0 |   0.0 |      11 |       0 |   0.0
        D:6 |    1259 |       0 |   0.0 |      21 |       0 |   0.0
        D:7 |     894 |    3444 |  79.4 |      23 |      14 |  37.8
        D:8 |     979 |     398 |  28.9 |      15 |       1 |   6.2
        D:9 |    2660 |    6249 |  70.1 |      28 |      22 |  44.0
       D:10 |    2273 |    1638 |  41.9 |       9 |       8 |  47.1
       D:11 |    2973 |       0 |   0.0 |      15 |       0 |   0.0
       D:12 |    4375 |    3134 |  41.7 |      11 |       7 |  38.9
       D:13 |    7414 |    6889 |  48.2 |      17 |      33 |  66.0
       D:14 |   11658 |       0 |   0.0 |      28 |       0 |   0.0
       D:15 |    5671 |    2394 |  29.7 |      16 |       4 |  20.0
     Lair:1 |    5847 |    1237 |  17.5 |      30 |       2 |   6.2
     Lair:2 |    4357 |     750 |  14.7 |      22 |       3 |  12.0
     Lair:3 |    1623 |    5033 |  75.6 |      10 |       6 |  37.5
     Lair:4 |    5695 |       0 |   0.0 |      22 |       0 |   0.0
     Lair:5 |   15028 |   15436 |  50.7 |      44 |      27 |  38.0
      Orc:1 |    6225 |       0 |   0.0 |      44 |       0 |   0.0
      Orc:2 |    1034 |    3000 |  74.4 |       8 |      12 |  60.0
    Abyss:2 |    5091 |       0 |   0.0 |      13 |       0 |   0.0
            +---------+---------+-------+---------+---------+-------
